 Seeded DCSS version 0.30.1-9-gdf580d7c3d (webtiles) character file.

Game seed: 6351066067085065685 (custom seed)

32 Esekla the Magician (level 3, -6/18 (19) HPs)
             Began as a Deep Elf Wanderer on Oct 8, 2023.
             Was an Initiate of Vehumet.
             Mangled by an iguana (11 damage)
             ... on level 2 of the Dungeon.
             The game lasted 00:10:55 (1327 turns).

Esekla the Magician (Deep Elf Wanderer)             Turns: 1327, Time: 00:10:55

HP:   -6/18 (19)    AC:  4    Str: 11    XL:     3   Next: 8%
MP:   2/11          EV: 10    Int: 19    God:    Vehumet [......]
Gold: 156           SH:  4    Dex: 11    Spells: 5/12 levels left

rFire   . . .        a - +0 short sword
rCold   . . .        d - +0 buckler
rNeg    . . .        c - +0 robe
rPois   .            k - +0 helmet
rElec   .            (no cloak)
rCorr   .            j - +0 pair of gloves
SInv    .            (no boots)
Will    .....        (no amulet)
Stlth   ++           (no ring)
HPRegen 0.23/turn    (no ring)
MPRegen 0.12/turn

%: no passive effects
@: on blink cooldown, very slightly contaminated, drained
A: no striking features
a: Renounce Religion


You were on level 2 of the Dungeon.
You worshipped Vehumet.
Vehumet was noncommittal.
You visited 1 branch of the dungeon, and saw 4 of its levels.

You collected 156 gold pieces.

Inventory:

Hand Weapons
 a - a +0 short sword (weapon)
 r - a +0 spear
Missiles
 u - 5 poisoned darts (quivered)
Armour
 c - a +0 robe (worn)
 d - a +0 buckler (worn)
 j - a +0 pair of gloves (worn)
 k - a +0 helmet (worn)
Wands
 q - a wand of roots (9)
Scrolls
 g - 3 scrolls of identify {unknown}
 m - 2 scrolls of enchant weapon {unknown}
 n - a scroll of amnesia {unknown}
 o - a scroll of enchant armour {unknown}
 t - a scroll of fog {unknown}
 v - a scroll of blinking {unknown}
Potions
 b - a potion of lignification
 e - a potion of ambrosia {unknown}
 f - 2 potions of attraction {unknown}
 h - a potion of heal wounds {unknown}
 i - 2 potions of curing {unknown}
 l - a potion of mutation {unknown}
 p - a potion of haste {unknown}
 s - 2 potions of brilliance {unknown}


   Skills:
 + Level 0.1 Short Blades
 * Level 0.3 Dodging
 + Level 1.6 Stealth
 + Level 1.7 Shields
 * Level 5.3 Spellcasting
 * Level 0.4 Necromancy
 + Level 2.4 Translocations
 + Level 1.0 Invocations


You had 5 spell levels left.
You knew the following spells:

 Your Spells              Type           Power      Damage    Failure   Level
a - Magic Dart            Conj           20%        1d4       17%         1
b - Blink                 Tloc           28%        N/A       10%         2
d - Vampiric Draining     Necr           6%         2d6       41%         3
p - Apportation           Tloc           28%        N/A       6%          1

Your spell library contained the following spells:

 Spells                   Type           Power      Damage    Failure   Level
 Lesser Beckoning         Tloc           28%        N/A       10%         2
 Ignite Poison            Fire/Tmut/Pois 5%         N/A       45%         3


Dungeon Overview and Level Annotations

Branches:
Dungeon (4/15)
 Temple: D:4-7

Altars:
Okawaru
Vehumet
Zin

Shops:
D:2 =   D:4 (


Message History

The iguana looks even sicker.
Throw: 6 darts (poison)
Press: ? - help, Q - select action, (/) - cycle Shift-Dir - straight line, f/p - iguana
Aim: an iguana (moderately wounded, poisoned, 58% to hit)
You throw a poisoned dart. The poisoned dart hits the iguana.
The iguana looks even sicker.
The iguana is moderately wounded.
You hit the iguana.
The iguana is moderately wounded.
The iguana bites you.
Casting: Apportation (safe; 6% risk of failure)
Confirm with . or Enter, or press ? or * to list all spells.
The spell is astonishingly dangerous to miscast (41% risk of failure)!
Continue anyway?
Aiming: Vampiric Draining (astonishingly dangerous; 41% risk of failure)
Press: ? - help, Shift-Dir - straight line, f/p - iguana
Aim: an iguana (moderately wounded, very poisoned)
You draw life force from the iguana!
You feel life coursing into your body. The iguana closely misses you.
Casting: Vampiric Draining (astonishingly dangerous; 41% risk of failure)
Confirm with . or Enter, or press ? or * to list all spells.
You blink.
You hit the iguana but do no damage.
The iguana is almost dead.
The iguana bites you!
Casting: Blink (safe; 10% risk of failure)
Confirm with . or Enter, or press ? or * to list all spells.
The spell is astonishingly dangerous to miscast (41% risk of failure)!
Continue anyway?
Aiming: Vampiric Draining (astonishingly dangerous; 41% risk of failure)
Press: ? - help, Shift-Dir - straight line, f/p - iguana
Aim: an iguana (almost dead, very poisoned)
You miscast Vampiric Draining.
You are very lightly contaminated with residual magic.
You sense a malignant aura.
You feel drained.
* * * LOW HITPOINT WARNING * * *
The iguana barely misses you.
You barely miss the iguana.
The iguana is almost dead.
The iguana bites you!
Ouch! That really hurt!
You die...

#.####.##.######.#.#
#.......#............
####.#####.########.#.###
#....#8.8#....# #.#.#
#.8###...###8.#####.#.#
#..+..._...'........#.#
#(8###...###8.#.#####.#
#....#8.8#......#
##.(.#####.@...##
##........l####
#.........# ###########


You could see an iguana (poisoned).

Vanquished Creatures
  An adder (D:2)
  A dart slug (D:3)
  2 ball pythons (D:1)
  3 endoplasms
  4 goblins
  3 bats
  4 frilled lizards
  4 kobolds
  A rat (D:2)
23 creatures vanquished.

Notes
Turn   | Place    | Note
-------+----------+-------------------------------------------
     0 | D:1      | Esekla the Deep Elf Wanderer began the quest for the Orb.
     0 | D:1      | Esekla set off with the following items: a +0 club, a
                  | potion of lignification, a +0 robe, a +0 buckler; and the
                  | following spells available to memorise: Apportation, Blink,
                  | Lesser Beckoning, Magic Dart, Ignite Poison, Vampiric
                  | Draining.
     0 | D:1      | Reached XP level 1. HP: 10/10 MP: 7/7
     2 | D:1      | Learned a level 1 spell: Magic Dart
     4 | D:1      | Learned a level 1 spell: Apportation
   373 | D:4      | Found a radiant altar of Vehumet.
   377 | D:4      | Became a worshipper of Vehumet
   390 | D:4      | Found an iron altar of Okawaru.
   401 | D:4      | Found a glowing silver altar of Zin.
   500 | D:4      | Found Ponaysk's Antique Weapon Boutique.
   657 | D:3      | Reached XP level 2. HP: 8/15 MP: 9/9
   660 | D:3      | Learned a level 2 spell: Blink
   895 | D:2      | Found Renulab's Jewellery Shop.
   937 | D:2      | Reached skill level 5 in Spellcasting
  1239 | D:2      | Reached XP level 3. HP: 19/19 MP: 9/11
  1243 | D:2      | Learned a level 3 spell: Vampiric Draining
  1286 | D:2      | Found a faded altar of an unknown god.
  1327 | D:2      | Mangled by an iguana

Illustrated notes

Levels and vault maps discovered:
D:1:      sevenhm_arrival_forest_fort_small_3, layout_rooms,
          chequers_serial_rivers_room_b, minmay_misc_feat_five
D:2:      layout_loops_ring, dreamdust_ecumenical_altar_angels_and_demons,
          serial_shops, shop
D:3:      layout_basic, grunt_temple_overflow_open, minmay_misc_feat_iff
D:4:      layout_basic, nicolae_overflow_quartered_altars, serial_shops,
          nicolae_diamond_shop

Skill      XL: |  1  2 |
---------------+-------+-----
Spellcasting   | 5 |  5.3
Short Blades   | |  0.1
Dodging        | |  0.3
Stealth        | |  1.6
Shields        | |  1.7
Necromancy     | |  0.4
Translocations | |  2.4
Invocations    | |  1.0

Action                     || total
---------------------------++-------
  Melee: Short sword       ||    32
  Throw: Dart              ||     4
   Cast: Apportation       ||    27
         Magic Dart        ||    30
         Blink             ||     1
         Vampiric Draining ||     1
    Use: Scroll            ||     1
 Armour: Robe              ||    25
  Dodge: Dodged            ||    34
  Block: Buckler           ||    11
